 Dungeon Crawl Stone Soup version 0.19-GnollCrawlA-1-g03664ee (webtiles) character file.

649 Arson the Shield-Bearer (level 1, -1/19 HPs)
             Began as a Troll Fighter on Jan 30, 2018.
             Was a Follower of Makhleb.
             Slain by a gnoll (6 damage)
             ... on level 3 of the Dungeon.
             The game lasted 00:20:36 (4054 turns).

Arson the Shield-Bearer (Troll Fighter)             Turns: 4054, Time: 00:20:36

Health: -1/19      AC: 11    Str: 24    XL:     1   Next: 0%
Magic:  0/0        EV:  8    Int:  4    God:    Makhleb [*.....]
Gold:   78         SH:  8    Dex:  9    Spells: 0 memorised, 0 levels left

rFire  . . .     SeeInvis .       - Unarmed
rCold  . . .     Gourm    +     a - +0 robe
rNeg   . . .     Faith    .     b - +0 shield
rPois  +         Spirit   .     (helmet restricted)
rElec  .         Dismiss  .     j - +1 cloak {rPois}
rCorr  .         Reflect  .     (gloves unavailable)
SustAt .         Harm     .     (boots unavailable)
MR     +....                    (no amulet)
Stlth  +.........               m - +3 ring of strength
                                e - +4 ring of protection

@:
A: unfitting armour, claws 3, fast metabolism 3, frail 1, gourmand, magic
resistance 1, regeneration 2, shaggy fur 1, tough skin 2, weak 1, evolution 1
a: Renounce Religion


You were on level 3 of the Dungeon.
You worshipped Makhleb.
Makhleb was aware of your devotion.
You were completely stuffed.

You visited 2 branches of the dungeon, and saw 4 of its levels.

You collected 78 gold pieces.

Inventory:

Missiles
 c - 5 curare-tipped needles
 f - 6 tomahawks (quivered)
 p - 26 stones
Armour
 a - a +0 robe (worn)
 b - a +0 shield (worn)
 j - a +1 cloak of poison resistance (worn)
Jewellery
 e - a +4 ring of protection (left claw)
 m - a +3 ring of strength (right claw)
 r - an uncursed amulet of dismissal {unknown}
Scrolls
 k - 2 scrolls of recharging
 o - a scroll of noise {unknown}
 q - a scroll of magic mapping {unknown}
 t - a scroll of random uselessness {unknown}
Potions
 h - a potion of curing
 l - 2 potions of brilliance
 n - a potion of flight
Comestibles
 d - 4 bread rations
 g - 3 fruits
 i - a slice of pizza


   Skills:
 * Level 2.4 Fighting
 - Level 2.4 Dodging
 - Level 2.4 Shields
 + Level 2.0 Unarmed Combat


You couldn't memorise any spells.
You didn't know any spells.

Dungeon Overview and Level Annotations

Branches:
Dungeon (3/15)             Temple (1/1) D:2

Altars:
Ashenzari
Cheibriados
Dithmenos
Elyvilon
Fedhas
Gozag
Hepliaklqana
Kikubaaqudgha
Makhleb
Nemelex Xobeh
Okawaru
Ru
Sif Muna
Trog
Uskayaw
Vehumet
Xom
Yredelemnul
The Shining One


Innate Abilities, Weirdness & Mutations

You are too large for most types of armour.
You have claws for hands.
Your metabolism is lightning-fast.
You like to eat raw meat.
You heal very quickly.
You are covered in fur. (AC +1)
You have very tough skin. (AC +2)
You are frail. (-10% HP)
You are resistant to hostile enchantments. (MR+)
You are weak. (Str -2)
You evolve.


Message History

The gnoll is lightly wounded.
You block the gnoll's attack. The gnoll barely misses you.
The gnoll gnolls you from afar with a spear!
Ouch! That really hurt!
Your shield prevents you from hitting the gnoll.
The gnoll is lightly wounded.
The gnoll hits you with a spear. The gnoll hits you but does no damage.
You block the gnoll's attack.
The gnoll hits you from afar with a spear.
* * * LOW HITPOINT WARNING * * *
The gnoll hits you but does no damage.
You feel better. The gnoll hits you with a spear.
You block the gnoll's attack. x2
The gnoll hits you from afar with a spear.
* * * LOW HITPOINT GNOLL * * *
The gnoll hits you with a club.
* * * LOW HITPOINT WARNING * * *
You scratch the gnoll.
The gnoll is moderately wounded.
You block the gnoll's attack. The gnoll hits you.
You die...

.... #.#
......####.#
......g....#
......###..#
.....g.<#..#
......###..#
.....g..gg.#
......###g#######
.... #g@g....# ..
#######.# .


You could see 5 gnolls.

Vanquished Creatures
  65 gnolls
65 creatures vanquished.

Notes
Turn   | Place    | Note
-------+----------+-------------------------------------------
     0 | D:1      | Arson the Troll Fighter began the quest for the Orb.
     0 | D:1      | Reached XP level 1. HP: 22/22 MP: 0/0
  2027 | D:2      | Found a staircase to the Ecumenical Temple.
  2377 | D:2      | Found a shadowy altar of Dithmenos.
  2407 | Temple   | Entered the Ecumenical Temple
  2685 | Temple   | Became a worshipper of Makhleb the Destroyer
  3274 | D:3      | Gained mutation: You are resistant to hostile enchantments. (MR+) [potion of mutation]
  3274 | D:3      | Gained mutation: You evolve. [potion of mutation]
  3274 | D:3      | Gained mutation: You are weak. (Str -2) [potion of mutation]
  3275 | D:3      | Gained mutation: You are frail. (-10% HP) [potion of mutation]
  3686 | D:3      | Reached * piety under Makhleb
  4054 | D:3      | Slain by a gnoll

Action                   || total
-------------------------++-------
Melee: Unarmed           ||   301
Throw: Tomahawk          ||     6
  Use: Potion            ||     5
       Scroll            ||     4
  Eat: Chunk             ||     6
Armor: Robe              ||    74
Dodge: Dodged            ||    83
Block: Shield            ||   120
